Map: Zielone pola

Players

Darkes

  • Race: Protoss Protoss
  • Spawn Location: 3:00

Zorwalker

  • Race: Terran Terran
  • Spawn Location: 12:00

Gracz

  • Race: Protoss Protoss
  • Spawn Location: 1:00

YuNiT

  • Race: Protoss Protoss
  • League: Platinum
  • Spawn Location: 9:00

Kabelino

  • Race: Terran Terran
  • Spawn Location: 6:00

DarkStab

  • Race: Terran Terran
  • Spawn Location: 7:00

VOD

Have the link to the VOD?

Description

Time

  • Played on: Feb. 26, 2016, 7:10 p.m.
  • Length: 13:29
Show
View Real Time Build Order
Export as new Build Order

Darkes Protoss 

Build Orders:  

Get SALT Encoding   

  12  0:12  Assimilator  
  12  0:18  Assimilator, Probe (Chrono Boost)  
  13  0:29  Probe (Chrono Boost)  
  14  0:39  Probe (Chrono Boost)  
  15  0:53  Pylon  
  15  1:01  Pylon  
  15  1:11  Probe (Chrono Boost)  
  15  1:16  Gateway  
  16  1:22  Probe (Chrono Boost)  
  18  1:32  Probe (Chrono Boost)  
  18  1:43  Probe (Chrono Boost)  
  19  1:53  Probe (Chrono Boost)  
  20  2:04  Probe (Chrono Boost)  
  20  2:05  Cybernetics Core  
  21  2:15  Probe (Chrono Boost)  
  22  2:24  Forge  
  22  2:25  Probe (Chrono Boost)  
  23  2:46  Pylon  
  23  3:09  Protoss Air Weapons Level 1 (Chrono Boost)  
  23  3:12  Photon Cannon  
  23  3:29  Stargate  
  23  3:34  Stargate  
  23  3:38  Stargate  
  23  4:04  Nexus  
  23  4:07  Assimilator  
  23  4:12  Assimilator  
  23  4:20  Mothership Core  
  25  4:27  Void Ray  
  28  4:44  Void Ray  
  32  4:51  Protoss Air Armor Level 1 (Chrono Boost)  
  32  5:17  Void Ray  
  34  5:39  Probe  
  34  5:42  Probe  
  36  5:52  Probe x2  
  36  5:55  Void Ray  
  41  6:03  Probe  
  42  6:13  Probe  
  42  6:16  Void Ray  
  47  6:24  Probe  
  46  6:34  Probe  
  47  6:45  Probe  
  48  6:53  Void Ray  
  52  6:56  Probe  
  52  7:06  Probe  
  53  7:14  Fleet Beacon  
  53  7:17  Probe  
  54  7:29  Probe  
  54  7:35  Pylon  
  54  7:39  Probe  
  53  7:50  Probe  
  53  7:53  Void Ray  
  58  8:00  Probe  
  57  8:11  Protoss Air Weapons Level 2 (Chrono Boost)  
  57  8:15  Probe  
  58  8:24  Pylon  
  58  8:26  Probe  
  58  8:27  Pylon  
  58  8:31  Pylon  
  58  8:37  Probe  
  59  8:42  Void Ray  
  59  8:47  Probe  
  64  8:58  Probe  
  61  9:19  Void Ray  
  61  9:20  Void Ray  
  69  9:25  Protoss Shields Level 1  
  66  9:47  Void Ray  
  70  9:59  Pylon  
  69  10:09  Protoss Air Armor Level 2 (Chrono Boost)  
  69  10:24  Pylon  
  69  10:29  Pylon  
  69  10:40  Void Ray  
  73  11:02  Probe  
  71  11:13  Probe  
  72  11:24  Probe  
  70  11:34  Probe  
  71  11:45  Probe  
  58  11:55  Probe  
  17  12:08  Void Ray  
  21  12:27  Void Ray  
  13  13:00  Photon Cannon  
  13  13:04  Photon Cannon  
  13  13:07  Photon Cannon  
Show
View Real Time Build Order
Export as new Build Order

Zorwalker Terran 

Build Orders:  

Get SALT Encoding   

  12  0:12  Supply Depot  
  12  0:20  Refinery  
  12  0:22  SCV  
  13  0:34  SCV  
  14  0:45  Barracks  
  14  0:46  SCV  
  15  0:58  SCV  
  16  1:10  Refinery, SCV  
  17  1:23  SCV  
  18  1:35  Marine, SCV  
  18  1:36  Factory  
  20  1:46  Supply Depot  
  20  1:47  SCV  
  20  1:53  Marine  
  22  1:59  SCV  
  23  2:23  Marine  
  24  2:34  Starport, Factory Tech Lab  
  24  2:38  Supply Depot  
  24  2:40  Marine  
  24  2:43  SCV  
  26  2:55  SCV  
  27  2:58  Marine  
  28  3:08  Engineering Bay  
  28  3:15  Medivac  
  28  3:16  Marine  
  31  3:24  Barracks  
  31  3:29  Siege Tank  
  34  3:34  Marine  
  35  3:45  Missile Turret  
  35  3:52  Marine  
  35  3:53  Medivac  
  38  4:01  Siege Tank  
  37  4:09  Marine  
  34  4:19  Barracks Tech Lab  
  34  4:23  Viking  
  36  4:27  Marine  
  37  4:33  Missile Turret  
  37  4:53  Viking  
  39  5:15  Missile Turret  
  39  5:53  Marine  
  30  6:11  Marine  
  23  6:18  SCV  
  23  6:22  Missile Turret  
  24  6:28  Marine  
  24  6:29  Missile Turret  
  24  6:30  SCV  
  26  6:42  Viking  
  26  6:43  SCV  
  26  6:46  Marine  
  30  6:55  SCV  
  31  7:04  Marine  
  31  7:06  Starport  
  31  7:07  SCV  
  33  7:12  Viking  
  35  7:25  SCV  
  35  7:27  Missile Turret  
  36  7:37  SCV  
  36  7:39  Armory  
  36  7:40  Barracks Reactor  
  37  7:49  SCV  
  38  8:36  Supply Depot  
  38  8:38  Terran Vehicle Weapons Level 1  
  38  8:57  Viking  
  40  9:08  Missile Turret  
  40  9:15  Viking  
  42  9:21  Marine x2, Supply Depot  
  44  9:27  Viking  
  46  9:36  Missile Turret  
  46  9:39  Marine  
  46  9:42  Marine, Terran Infantry Weapons Level 1  
  46  9:45  Viking  
  50  9:49  Supply Depot  
  50  9:57  Marine  
  51  10:00  Marine  
  51  10:02  Fusion Core  
  52  10:15  Marine, Viking  
  52  10:18  Marine  
  56  10:32  Terran Vehicle And Ship Armor Level 1, Marine, Supply Depot  
  57  10:35  Marine  
  56  11:08  Siege Tank  
  59  11:23  Missile Turret  
  59  11:48  Missile Turret  
  59  11:50  Siege Tank  
Show
View Real Time Build Order
Export as new Build Order

Gracz Protoss 

Build Orders:  

Get SALT Encoding   

  12  0:11  Probe (Chrono Boost)  
  13  0:22  Assimilator, Probe (Chrono Boost)  
  14  0:33  Probe (Chrono Boost)  
  14  0:34  Pylon  
  15  0:43  Pylon  
  15  0:52  Probe (Chrono Boost)  
  15  0:54  Pylon  
  16  1:03  Probe (Chrono Boost)  
  17  1:15  Gateway  
  17  1:25  Gateway  
  17  1:34  Gateway  
  17  1:45  Pylon  
  17  2:07  Forge, Zealot (Chrono Boost)  
  19  2:32  Cybernetics Core  
  19  2:50  Pylon  
  19  3:09  Warp Gate (Chrono Boost)  
  19  3:11  Nexus  
  19  3:13  Probe  
  19  3:19  Assimilator  
  20  3:25  Probe  
  21  3:37  Mothership Core  
  21  3:40  Twilight Council  
  23  3:55  Robotics Facility  
  23  4:11  Stalker x3  
  29  4:23  Probe  
  29  4:28  Probe  
  31  4:33  Probe  
  32  4:44  Probe  
  30  4:55  Probe  
  28  5:03  Probe  
  28  5:05  Assimilator  
  28  5:15  Probe  
  29  5:27  Probe  
  30  5:42  Probe x2  
  30  5:53  Probe  
  30  5:54  Probe  
  32  6:03  Probe  
  33  6:14  Probe  
  33  6:15  Stargate  
  33  6:16  Stargate  
  32  6:24  Probe  
  33  6:40  Stargate  
  31  6:47  Probe  
  32  6:57  Probe  
  32  6:58  Sentry  
  35  7:13  Oracle  
  37  7:31  Warp Prism  
  37  7:46  Probe  
  38  7:57  Probe  
  39  8:07  Probe  
  39  8:08  Observer, Stargate  
  41  8:18  Probe  
  41  8:28  Probe  
  42  8:39  Probe  
  40  8:49  Probe  
  41  8:59  Probe  
  41  9:00  Probe  
  43  9:11  Probe x2  
  43  9:15  Assimilator  
  44  9:33  Probe  
  45  9:44  Probe  
  45  9:48  Stargate  
  40  9:55  Probe  
  40  10:05  Probe  
  41  10:22  Fleet Beacon  
  41  10:29  Void Ray  
  41  10:30  Void Ray x2  
  41  10:32  Void Ray  
  57  10:38  Pylon  
  57  10:42  Pylon  
  57  10:45  Pylon  
  46  11:38  Probe  
  46  11:43  Probe  
  48  11:49  Probe  
  46  11:55  Probe  
  46  11:59  Probe  
  41  12:07  Probe  
  19  12:09  Void Ray  
  19  12:10  Probe  
  24  12:19  Probe  
  24  12:41  Oracle  
  25  12:47  Probe  
  22  12:59  Probe  
Show
View Real Time Build Order
Export as new Build Order

YuNiT Protoss 

Build Orders: 1 Gate Expand, Oracle Opening 

Get SALT Encoding   

  12  0:01  Probe (Chrono Boost)  
  13  0:12  Probe (Chrono Boost)  
  14  0:17  Pylon  
  14  0:23  Probe (Chrono Boost)  
  15  0:36  Probe (Chrono Boost)  
  15  0:40  Gateway  
  15  0:42  Assimilator  
  16  0:46  Probe (Chrono Boost)  
  18  0:57  Probe (Chrono Boost)  
  18  1:07  Probe (Chrono Boost)  
  19  1:20  Nexus  
  19  1:26  Probe (Chrono Boost)  
  19  1:31  Cybernetics Core  
  20  1:35  Assimilator  
  20  1:38  Probe (Chrono Boost)  
  21  1:49  Probe (Chrono Boost)  
  21  1:50  Pylon  
  22  1:59  Probe (Chrono Boost)  
  23  2:06  Assimilator  
  23  2:17  Probe (Chrono Boost)  
  23  2:20  Warp Gate (Chrono Boost)  
  24  2:24  Stargate  
  24  2:28  Probe  
  24  2:37  Probe  
  24  2:41  Probe  
  26  2:44  Pylon  
  26  2:46  Assimilator  
  26  2:47  Probe  
  26  2:51  Assimilator  
  27  2:53  Probe  
  27  2:58  Probe  
  28  2:59  Pylon  
  28  3:05  Probe  
  30  3:07  Oracle (Chrono Boost)  
  30  3:08  Probe  
  34  3:14  Pylon  
  34  3:17  Probe  
  34  3:18  Mothership Core  
  35  3:26  Gateway  
  37  3:38  Probe  
  37  3:40  Probe  
  39  3:43  Forge  
  39  3:44  Oracle (Chrono Boost)  
  42  3:48  Probe  
  43  4:19  Void Ray (Chrono Boost)  
  43  4:20  Probe x2  
  43  4:21  Protoss Ground Weapons Level 1  
  43  4:23  Photon Cannon  
  49  4:32  Probe  
  50  5:02  Probe  
  50  5:03  Probe  
  50  5:04  Stalker x2  
  56  5:09  Robotics Facility, Pylon  
  56  5:11  Pylon  
  56  5:13  Probe  
  56  5:15  Probe  
  58  5:23  Probe  
  59  5:31  Nexus  
  59  5:34  Probe  
  56  5:36  Probe  
  56  5:39  Phoenix (Chrono Boost)  
  60  5:44  Fleet Beacon, Probe  
  46  6:01  Probe  
  47  6:06  Phoenix (Chrono Boost)  
  47  6:09  Probe  
  50  6:13  Probe  
  50  6:16  Gateway  
  50  6:17  Gateway  
  51  6:19  Probe  
  51  6:25  Probe  
  53  6:30  Probe  
  58  6:35  Phoenix (Chrono Boost)  
  58  6:37  Anion Pulse-Crystals, Probe  
  57  6:40  Stargate, Probe  
  58  6:49  Probe  
  58  6:51  Probe  
  60  7:01  Probe x2  
  62  7:13  Probe  
  60  7:20  Stalker x2  
  64  7:23  Immortal  
  64  7:25  Protoss Ground Armor Level 1  
  64  7:26  Probe  
  65  8:08  Stalker  
  65  8:09  Stalker x2  
  65  8:10  Stalker  
  73  8:13  Phoenix x2 (Chrono Boost)  
  73  8:15  Probe  
  73  8:17  Probe x2  
  80  8:20  Assimilator  
  80  8:24  Assimilator  
  80  8:29  Pylon  
  80  8:30  Pylon  
  80  8:31  Probe  
  80  8:32  Pylon  
  80  8:33  Probe  
  80  8:34  Probe  
  82  8:35  Phoenix x2 (Chrono Boost)  
  87  8:43  Probe  
  87  8:44  Probe  
  87  8:45  Probe  
  87  8:47  Stalker  
  87  8:48  Stalker x3  
  98  8:55  Probe  
  98  8:57  Probe  
  100  9:07  Probe  
  100  9:08  Gateway, Probe  
  100  9:09  Gateway  
  103  9:10  Probe  
  103  9:12  Twilight Council  
  103  9:13  Phoenix x2 (Chrono Boost)  
  107  9:18  Probe  
  107  9:20  Probe  
  107  9:22  Probe  
  110  9:30  Nexus  
  110  9:32  Probe  
  110  9:33  Assimilator  
  110  9:35  Assimilator  
  110  9:38  Pylon, Probe  
  112  9:44  Probe  
  113  9:46  Phoenix x2 (Chrono Boost)  
  113  9:50  Probe  
  113  9:51  Probe  
  119  9:56  Probe  
  119  9:57  Pylon  
  120  10:06  Nexus  
  120  10:08  Probe x2  
  120  10:09  Assimilator  
  120  10:12  Assimilator  
  122  10:15  Pylon  
  122  10:18  Pylon  
  122  10:20  Pylon, Blink  
  122  10:32  Probe  
  122  10:33  Probe  
  122  10:35  Phoenix x2 (Chrono Boost)  
  128  10:50  Stalker x6  
  128  10:55  Protoss Air Weapons Level 1  
  144  10:57  Phoenix x2 (Chrono Boost)  
  144  11:10  Photon Cannon  
  144  11:17  Photon Cannon  
  144  11:21  Photon Cannon  
  134  12:19  Stalker x6  
  144  12:58  Stalker x3  
  144  12:59  Stalker x3  
  144  13:04  Probe x2  
  158  13:05  Probe  
  159  13:14  Probe  
  159  13:16  Probe x2  
Show
View Real Time Build Order
Export as new Build Order

Kabelino Terran 

Build Orders: Command Center First (CC), MMM Bio 

Get SALT Encoding   

  12  0:03  SCV  
  13  0:15  SCV  
  13  0:20  Supply Depot  
  14  0:27  SCV  
  15  0:41  SCV  
  16  0:53  SCV  
  17  1:01  Command Center  
  17  1:12  Barracks  
  17  1:13  SCV  
  18  1:27  SCV  
  19  1:35  Barracks  
  19  1:39  SCV  
  20  1:49  Refinery  
  20  1:53  SCV  
  21  2:02  Marine  
  21  2:05  Refinery  
  21  2:06  Orbital Command  
  22  2:20  Marine  
  22  2:21  Orbital Command  
  23  2:27  Marine  
  24  2:39  SCV  
  25  2:46  Barracks Reactor  
  25  2:49  Barracks Tech Lab  
  25  2:52  SCV  
  25  2:56  Supply Depot  
  26  3:00  Bunker  
  26  3:08  Factory  
  26  3:12  SCV x2  
  27  3:19  Stimpack  
  27  3:24  Marine x2, SCV  
  30  3:31  Engineering Bay  
  30  3:34  SCV  
  30  3:38  Marine  
  30  3:41  SCV  
  33  3:42  Marine  
  33  3:46  SCV  
  35  3:54  Factory Tech Lab  
  35  3:56  Starport  
  35  3:58  SCV x2  
  35  4:02  Missile Turret  
  37  4:05  Marine x2, Terran Infantry Weapons Level 1  
  39  4:10  SCV  
  39  4:13  Refinery  
  39  4:16  Marine, Refinery  
  41  4:24  SCV x2  
  41  4:25  Siege Tank  
  46  4:37  Supply Depot  
  46  4:42  Medivac, Marauder  
  50  5:02  Missile Turret  
  50  5:04  Marine x2  
  52  5:13  SCV  
  52  5:14  SCV  
  54  5:17  Marauder  
  56  5:21  Starport Reactor, Marine  
  56  5:22  Barracks, Marine, Siege Tank, Command Center  
  61  5:38  Marine  
  61  5:40  Factory  
  62  6:17  Combat Shields  
  62  6:18  Missile Turret, Barracks Reactor  
  62  6:22  Marine x2  
  64  6:26  Command Center  
  64  6:28  Factory Reactor  
  64  6:33  SCV x2  
  66  6:41  Missile Turret  
  66  6:43  Engineering Bay, Widow Mine  
  66  6:46  Marine x2  
  70  6:58  Orbital Command  
  70  7:01  Missile Turret  
  70  7:03  SCV x2  
  70  7:04  Marine x3  
  55  7:57  Orbital Command  
  55  7:58  Widow Mine x2  
  54  8:02  Marine x3  
  54  8:04  Armory, Terran Infantry Armor Level 1  
  61  8:08  Ghost Academy  
  61  8:12  Marine x2  
  62  8:13  Barracks  
  62  8:14  SCV x2  
  62  8:15  Barracks, SCV  
  66  8:22  Command Center  
  66  8:25  Building Armor  
  66  8:26  SCV x2  
  68  8:33  Marine x5  
  73  8:35  Medivac  
  73  8:36  Medivac  
  77  8:45  Personal Cloaking  
  77  8:53  SCV x2  
  79  8:58  Widow Mine  
  79  8:59  Missile Turret, Widow Mine x2  
  79  9:02  Missile Turret  
  85  9:06  Factory  
  85  9:12  Barracks Tech Lab  
  85  9:15  Starport  
  85  9:18  Barracks Reactor  
  85  9:19  Terran Ship Weapons Level 1  
  85  9:22  Medivac x2  
  89  9:26  Ghost  
  89  9:28  SCV  
  89  9:29  SCV  
  93  9:49  Widow Mine x2  
  93  9:51  Factory Reactor  
  97  9:55  SCV x3  
  100  10:03  Planetary Fortress, Missile Turret  
  100  10:05  Missile Turret  
  100  10:07  SCV  
  100  10:08  Starport Reactor  
  101  10:18  Viking  
  101  10:19  Viking  
  106  10:21  SCV x3  
  106  10:22  Marine x2  
  106  10:23  Missile Turret, Marine x3  
  106  10:27  Widow Mine  
  115  10:32  Supply Depot, Widow Mine x3  
  115  10:33  SCV  
  122  10:38  Supply Depot  
  122  10:45  Missile Turret  
  122  10:46  Missile Turret  
  122  10:47  SCV  
  123  10:53  SCV x2  
  123  10:55  Supply Depot, Terran Infantry Weapons Level 2  
  125  10:57  Terran Infantry Armor Level 2  
  125  10:59  SCV  
  126  11:06  SCV  
  127  11:12  Ghost  
  127  11:13  Nuke  
  127  11:14  Orbital Command  
  129  11:18  Medivac  
  129  11:24  SCV  
  132  11:30  Missile Turret  
  132  11:33  Widow Mine x3  
  132  11:36  SCV  
  131  12:44  Ghost  
  131  12:45  Marine, Ghost  
  131  12:46  Marine x3  
  139  12:54  Widow Mine x3  
  139  12:55  Widow Mine  
Show
View Real Time Build Order
Export as new Build Order

DarkStab Terran 

Build Orders:  

Get SALT Encoding   

  12  0:03  SCV  
  13  0:25  Supply Depot  
  13  0:30  Engineering Bay  
  13  0:31  SCV  
  14  0:42  Refinery  
  14  0:43  SCV  
  15  0:55  SCV  
  16  1:02  Barracks  
  16  1:08  SCV  
  17  1:20  Engineering Bay  
  17  1:30  Refinery, SCV  
  18  1:42  SCV  
  19  1:53  Barracks Reactor  
  19  2:04  SCV  
  20  2:13  Factory  
  20  2:16  SCV  
  21  2:28  SCV  
  22  2:39  Marine  
  23  2:50  Supply Depot  
  23  3:11  Marine x2, SCV, Widow Mine  
  28  3:14  Supply Depot  
  28  3:24  SCV  
  28  3:26  Terran Infantry Weapons Level 1  
  29  3:29  Marine x2, Terran Infantry Armor Level 1  
  31  3:39  Widow Mine  
  33  3:43  Supply Depot  
  33  3:47  Marine, Orbital Command  
  34  4:08  Widow Mine  
  36  5:27  Starport  
  36  6:08  Starport Tech Lab  
  36  6:14  Factory Tech Lab  
  36  6:18  Marine x2  
  38  6:35  Supply Depot  
  38  6:36  Marine x2  
  38  6:38  Raven  
  42  6:40  Siege Tank  
  45  6:53  Marine  
  45  6:54  Marine  
  47  7:00  Neosteel Frame  
  47  7:11  Marine x2  
  47  7:12  Siege Tank  
  52  7:44  Siege Tank  
  55  8:19  Building Armor  
  55  8:28  Fusion Core  
  53  9:58  Battlecruiser  
  59  10:13  Starport  
  59  10:16  Starport  
  59  11:02  Battlecruiser, Starport Tech Lab  
  65  11:04  Starport Tech Lab  
  65  11:18  Marine x2  
  65  11:23  Medivac  
  69  11:29  Battlecruiser  
  73  11:36  Marine x2  
  75  11:53  Medivac  
  75  11:54  Marine x2  
  79  12:52  Marine x2  
Tags
 
Add a new tag
Caveats
  • Supply blocks, unpowered buildings, or Contaminate may cause inaccurate times.
  • Supply counts are checked every 10 seconds.